 Dungeon Crawl Stone Soup version 0.31-a0-700-gf13585253f (webtiles) character file.

Game seed: 5226298782525328687

386 runemasterragnar the Ruffian (level 6, 0/47 HPs)
             Began as a Demonspawn Shapeshifter on Sept 7, 2023.
             Slain by an orc
             ... wielding a +0 dagger
              (3 damage)
             ... on level 4 of the Dungeon.
             The game lasted 00:03:20 (3281 turns).

runemasterragnar the Ruffian (DsSh)                 Turns: 3281, Time: 00:03:20

Health: 0/47       AC:  3    Str: 20    XL:     6   Next: 48%
Magic:  6/6        EV: 13    Int: 11    God:
Gold:   157        SH:  0    Dex: 12    Spells: 5/5 levels left

rFire   . . .        j - +7 hand axe "Yhywel" {heavy, Str+3 SInv}
rCold   . . .        (no shield)
rNeg    + . .        a - +1 animal skin
rPois   .            (helmet currently unavailable)
rElec   .            (cloak currently unavailable)
rCorr   .            (gloves currently unavailable)
SInv    +            (boots currently unavailable)
Will    +....        (no amulet)
Stlth   +            s - ring of positive energy
HPRegen 0.27/turn    (no ring)
MPRegen 0.10/turn

%: no passive effects
@: confused, beast-form, enlightened, flying
A: beast (slay +2), demonic guardian 1
a: Begin Untransformation


You were on level 4 of the Dungeon.
You were a hulking beast.
You visited 1 branch of the dungeon, and saw 4 of its levels.
You also visited: Sewer.

You collected 157 gold pieces.

Inventory:

Hand Weapons
 j - the +7 hand axe "Yhywel" (weapon) {heavy, Str+3 SInv}
   (You found it on level 2 of the Dungeon)

   Str+3:     It affects your strength (+3).
   SInv:      It lets you see invisible.
Missiles
 h - 5 boomerangs
Armour
 a - a +1 animal skin (worn)
Jewellery
 i - a ring of ice
 o - a ring of fire
 s - a ring of positive energy (left hand)
Talismans
 c - a beast talisman (active)
 d - a flux talisman
Wands
 q - a wand of paralysis (7)
Scrolls
 g - a scroll of enchant armour
 m - a scroll of amnesia {unknown}
 r - 2 scrolls of torment {unknown}
Potions
 b - a potion of berserk rage
 f - 2 potions of mutation
 k - a potion of heal wounds {unknown}
 l - a potion of brilliance {unknown}
 n - a potion of curing {unknown}
 p - a potion of might {unknown}


   Skills:
 + Level 3.3 Fighting
 + Level 3.4 Dodging
 + Level 4.0 Unarmed Combat
 + Level 3.9 Shapeshifting


You had 5 spell levels left.
You didn't know any spells.
Your spell library contained the following spells:

 Spells                   Type           Power      Damage    Failure   Level
 Magic Dart               Conj           0%         1d3       34%         1
 Petrify                  Tmut/Erth      0%         N/A       98%         4
 Freezing Cloud           Conj/Ice/Air   0%         6-21      100%        5
 Spellforged Servitor     Conj/Summ      0%         N/A       100%        7


Dungeon Overview and Level Annotations

Branches:
Dungeon (4/15)              Sewer (visited)
 Temple: D:4-7

Altars:


Innate Abilities, Weirdness & Mutations

You are a hulking beast.
Your limbs bulge with bestial killing power. (Slay +2)
A weak demonic guardian rushes to your aid.


Message History

You bump into the rock wall.
The orc hits you with a +0 mace.
The orc wizard hits you with a +0 dagger.
The orc wizard closely misses you.
You bump into the rock wall.
The orc misses you. The orc wizard casts a spell at you.
The magic dart hits you.
The orc wizard hits you with a +0 falchion.
Unknown command.
You are too injured to fight recklessly!
You are too injured to fight recklessly!
You bump into the rock wall.
The orc hits you with a +0 mace. The orc wizard misses you.
The orc wizard barely misses you.
Unknown command.
The orc wizard hits you with a +0 dagger.
You're too confused to move!
The orc wizard casts a spell at you. You resist with some effort.
You bump into the rock wall.
The orc closely misses you. The orc wizard closely misses you.
The orc hits you but does no damage.
You bump into the rock wall.
The orc hits you with a +0 mace. The orc wizard barely misses you.
The orc closely misses you.
You're too confused to move!
The orc hits you with a +0 mace.
* * * LOW HITPOINT WARNING * * *
The orc wizard hits you with a +0 dagger.
* * * LOW HITPOINT WARNING * * *
A demonic guardian appears!
The orc hits you with a +0 dagger.
* * * LOW HITPOINT WARNING * * *
Unknown command.
It was a potion of enlightenment.
You feel very buoyant.
You fly up into the air.
The orc misses you.
The orc wizard hits you with a +0 dagger.
* * * LOW HITPOINT WARNING * * *
The orc barely misses you.
Your white imp closely misses the orc.
Okay, then.
You bump into the rock wall.
The orc hits you with a +0 mace.
* * * LOW HITPOINT WARNING * * *
A demonic guardian appears!
The orc wizard misses you. The orc hits you with a +0 dagger.
You die...

...... . ......#
......# ..#.># #
.....## .#
####.###.#...#..#
.......5o5>.....#
###.####o#...##.#
#....oho†.....#
######.##.#####
#.# # ######.#
#......# #.######
#.# #.# #.#


You could see 2 orc wizards, 2 orcs, a friendly white imp (summoned) and a
friendly shadow imp (summoned, wandering).

Vanquished Creatures
  Pargi (Sewer)
  2 orc priests (D:4)
  An iguana (D:3)
  An orc wizard (D:3)
  3 adders
  A river rat (D:3)
  8 worms
  5 dart slugs
  8 orcs
  7 endoplasms
  7 goblins
  5 hobgoblins
  4 jackals (D:2)
  5 kobolds
  3 quokkas
  6 ball pythons
  8 bats
  4 frilled lizards
  10 rats
89 creatures vanquished.

Vanquished Creatures (collateral kills)
  A gnoll (D:1)
  A worm (D:2)
  An orc (D:3)
  2 endoplasms
  A ball python (D:2)
  A rat (D:1)
7 creatures vanquished.

Grand Total: 96 creatures vanquished

Notes
Turn   | Place    | Note
-------+----------+-------------------------------------------
     0 | D:1      | runemasterragnar the Demonspawn Shapeshifter began the
                  | quest for the Orb.
     0 | D:1      | Reached XP level 1. HP: 15/15 MP: 1/1
   164 | D:1      | Gained mutation: A weak demonic guardian rushes to your
                  | aid. [demonic ancestry]
   164 | D:1      | Reached XP level 2. HP: 13/21 MP: 2/2
   318 | D:1      | Reached skill level 3 in Unarmed Combat
   427 | D:1      | Reached XP level 3. HP: 26/26 MP: 3/3
  1004 | D:2      | Identified the +7 hand axe "Yhywel" {heavy, Str+3 SInv}
  1090 | D:2      | Got the Essays on Dynamic Amathomancy
  1131 | D:2      | Reached XP level 4. HP: 33/33 MP: 4/4
  1735 | D:3      | Reached XP level 5. HP: 11/39 MP: 5/5
  2161 | D:3      | Found a glowing drain.
  2170 | Sewer    | Entered a sewer
  2192 | Sewer    | Noticed Pargi
  2210 | Sewer    | Killed Pargi
  2211 | Sewer    | Reached XP level 6. HP: 19/47 MP: 6/6
  3205 | D:4      | Reached skill level 4 in Unarmed Combat
  3281 | D:4      | Slain by an orc

Illustrated notes

Levels and vault maps discovered:
D:1:      lightli_arrival_quake, layout_loops_ring
D:2:      layout_basic
D:3:      layout_loops_ring, cheibrodos_sewer_entry_sluice, nicolae_wormholes
D:4:      layout_loops_ring, chequers_arboretum, uniq_sigmund

Skill      XL: |  1  2  3  4  5  6 |
---------------+-------------------+-----
Dodging        | 2 3 |  3.4
Unarmed Combat | 3 4 |  4.0
Shapeshifting  | 3 |  3.9
Fighting       | 2 3 |  3.3

Action                     |  1- 3 |  4- 6 || total
---------------------------+-------+-------++-------
  Melee: Unarmed           |   102 |       ||   102
         Hand axe          |     6 |   106 ||   112
         Punch             |     1 |       ||     1
    Use: Scroll            |       |     5 ||     5
         Potion            |       |     2 ||     2
   Stab: Sleeping          |     2 |       ||     2
 Armour: Animal skin       |    43 |    96 ||   139
         Skin              |       |    55 ||    55
  Dodge: Dodged            |    68 |    93 ||   161

Table legend: (Time is in decaauts)
 A = Elapsed time spent in this place.
 B = Non-inter-level travel time spent in this place.
 C = Inter-level travel time spent in this place.
 D = Time resting spent in this place.
 E = Time spent auto-exploring this place.
 F = Levels seen in this place.
 G = Mean time per level.
                   A        B        C        D        E       F      G
               +--------+--------+--------+--------+--------+-----+--------+
         Total |   3382 |   3247 |    135 |    332 |   2153 |   5 |  676.4 |
       Dungeon |   2947 |   2812 |    135 |      0 |   2107 |   4 |  736.8 |
         Sewer |    434 |    434 |      0 |    332 |     46 |   1 |  434.0 |
               +--------+--------+--------+--------+--------+-----+--------+

Top non-repeatable levels by time:
     D:3: 1101 daAuts
     D:1: 845 daAuts
     D:2: 672 daAuts
   Sewer: 434 daAuts
     D:4: 327 daAuts
